cohdb
Replays
Latest Replays
All Replays
Popular Replays
Top Player Replays
Match Explorer
How It Works
Community
CoH3 Stats
Reddit
Sign in to upload your games and track your stats! →
Sign in with Steam
Match 43654471
Unlisted
Match 43654471
Overview
Messages
Build Orders
End
Construct Infanterie Kompanie
Selects Breakthrough Battlegroup
Grenadier Squad
Grenadier Squad
Selects Assault Grenadiers
Construct Panzergrenadier Kompanie
Selects Rapid Production
Support Elements
MG 42 Bunker
MG 42 Bunker
StuG III G Assault Gun
Nebelwerfer 42 Rocket Launcher Team
Panzergrenadier Squad
SirBigBalls™
米狄奥
JTM151
Liviu
Good Job
Darsai
无心
Bandit
0
0
Comments
sign in to comment!
No comments posted yet!